 Dungeon Crawl Stone Soup version 0.31.0-11-ge490571c62 (webtiles) character file.

Game seed: 15297779018207028821

25 qw the Shooter (level 2, -4/14 HPs)
             Began as a Spriggan Hunter on Feb 4, 2024.
             Killed by nerve-wracking pain
             ... invoked by Jessica
              (6 damage)
             ... on level 2 of the Dungeon.
             The game lasted 00:00:03 (981 turns).

qw the Shooter (Spriggan Hunter)                     Turns: 981, Time: 00:00:03

Health: -4/14      AC:  3    Str:  7    XL:     2   Next: 86%
Magic:  3/3        EV: 19    Int: 10    God:
Gold:   50         SH:  0    Dex: 18    Spells: 1/1 levels left

rFire   . . .        a - +0 shortbow
rCold   . . .        (shield currently unavailable)
rNeg    + . .        d - +0 robe {rN+}
rPois   .            (helmet restricted)
rElec   .            e - +0 cloak
rCorr   .            (gloves unavailable)
SInv    +            (boots unavailable)
Will    .....        (no amulet)
Stlth   ++           (no ring)
HPRegen 0.22/turn    (no ring)
MPRegen 0.08/turn

%: no passive effects
@: very quick
A: very small, no large weapons, unfitting armour, see invisible, speed 3
a: no special abilities


You were on level 2 of the Dungeon.
You visited 1 branch of the dungeon, and saw 2 of its levels.

You collected 50 gold pieces.


Innate Abilities, Weirdness & Mutations

You are very small and have problems with some larger weapons.
You are too small for most types of armour.
You have supernaturally acute eyesight. (SInv)
You cover ground extremely quickly. (Speed+++)


   Skills:
 - Level 1.5 Fighting
 + Level 4.3 Ranged Weapons
 - Level 4.0 Dodging
 - Level 1.5 Stealth


You had one spell level left.
You didn't know any spells.
Your spell library was empty.

Inventory:

Hand Weapons
 a - a +0 shortbow (weapon)
Armour
 d - a +0 robe of positive energy (worn)
 e - a +0 cloak (worn)
Potions
 g - a potion of enlightenment {unknown}

Dungeon Overview and Level Annotations

Branches:
Dungeon (2/15)

Altars:

Annotations:
D:2 Jessica


Message History

Done waiting.
You climb downwards.
Level annotation: Jessica A bat comes into view.
The bat moves out of view.
There is a stone staircase leading up here.
You shoot an arrow. The arrow hits Jessica.
Jessica is lightly wounded.
Jessica shouts, "You're disturbing me!
I'll have to kill you!"
You shoot an arrow. The arrow barely misses the bat.
The bat completely misses you.
You shoot an arrow. The arrow hits the bat.
The bat is heavily wounded.
The bat closely misses you. x2
You shoot an arrow. The arrow hits the bat.
You kill the bat!
You shoot an arrow. The arrow barely misses Jessica.
Jessica barely misses you.
You shoot an arrow.
The arrow hits Jessica but does no damage.
Jessica mumbles some strange words.
Jessica seems to speed up.
You shoot an arrow. The arrow barely misses Jessica.
Jessica hits you with a +0 club. Jessica barely misses you.
You shoot an arrow. The arrow hits Jessica.
Jessica is heavily wounded.
Jessica barely misses you.
You shoot an arrow. The arrow barely misses Jessica.
Jessica misses you. Jessica closely misses you.
You shoot an arrow.
The arrow hits Jessica but does no damage.
Jessica is heavily wounded.
Jessica hits you with a +0 club. Jessica gestures at you while chanting.
Pain shoots through your body!
You shoot an arrow. The arrow hits Jessica.
Jessica is severely wounded.
Jessica points at you and mumbles some strange words.
Pain shoots through your body!
You die...

...... ## ......
# #. ...... #.
.###......
##.##.......
#.........
.##..$....# .
........<.#....
.......@...#
......@.......#
......?.........
......?.........
..............##
.............##
.........$..##
............#


You could see Jessica (fast).

Vanquished Creatures
  A dart slug (D:1)
  2 ball pythons (D:1)
  3 bats
  An endoplasm (D:1)
  2 giant cockroaches
  3 goblins (D:1)
  2 hobgoblins (D:1)
  A quokka (D:1)
  A frilled lizard (D:1)
  2 kobolds (D:1)
  2 rats (D:1)
20 creatures vanquished.

Notes
Turn   | Place    | Note
-------+----------+-------------------------------------------
     0 | D:1      | qw the Spriggan Hunter began the quest for the Orb.
     0 | D:1      | Reached XP level 1. HP: 10/10 MP: 2/2
     0 | D:1      | 0 ||| qw: Version: 0.3-a-160-g6735b56
     0 | D:1      | 0 ||| qw: Game counter: 5306
     0 | D:1      | 0 ||| qw: Melee chars always use a shield: true
     0 | D:1      | 0 ||| qw: God list: Okawaru
     0 | D:1      | 0 ||| qw: Allow faded altars: false
     0 | D:1      | 0 ||| qw: Do Orc after clearing Dungeon:15 true
     0 | D:1      | 0 ||| qw: Do second Lair branch before Depths: true
     0 | D:1      | 0 ||| qw: Lair rune preference: random
     0 | D:1      | 0 ||| qw: Goals: Normal
     0 | D:1      | 0 ||| PLANNING D:1-11
   102 | D:1      | Reached skill level 3 in Dodging
   166 | D:1      | Reached XP level 2. HP: 9/14 MP: 3/3
   812 | D:1      | 812 ||| UPGRADING to +0 robe of positive energy.
   822 | D:1      | 822 ||| DROPPING +0 robe.
   823 | D:1      | 823 ||| UPGRADING to +0 cloak.
   828 | D:1      | 828 ||| READING scroll labelled RIDORR VEGHU.
   829 | D:1      | 829 ||| DROPPING scroll of butterflies.
   862 | D:2      | Noticed Jessica
   864 | D:2      | 864 ||| FLEEEEING.
   866 | D:2      | 866 ||| STAIRDANCE
   980 | D:2      | HP: 2/14 [Jessica/nerve-wracking pain (4)]
   981 | D:2      | Killed from afar by Jessica

Levels and vault maps discovered:
D:1:      tarquinn_simple_flora_water_c, layout_basic
D:2:      layout_rooms, shapermc_ecumenical_altar_mp_urbaneastern, st_stairs_2,
          amcnicky_mini_corridor_feature, uniq_crazy_yiuf_cottage, uniq_robin,
          uniq_jessica

Skill      XL: |  1  2 |
---------------+-------+-----
Dodging        | 3 4 |  4.0
Fighting       | |  1.5
Ranged Weapons | |  4.3
Stealth        | |  1.5

Action                     || total
---------------------------++-------
   Fire: Shortbow          ||    86
    Use: Scroll            ||     1
 Armour: Robe              ||     8
  Dodge: Dodged            ||    36

Table legend:
 A = Non-vault XP
 B = Vault XP
 C = Vault XP percentage of total XP
 D = Non-vault monster count
 E = Vault monster count
 F = Vault count percentage of total count
                 A         B        C        D         E       F
            +---------+---------+-------+---------+---------+-------
      Total |      37 |       0 |   0.0 |      20 |       0 |   0.0
            +---------+---------+-------+---------+---------+-------
        D:1 |      33 |       0 |   0.0 |      18 |       0 |   0.0
        D:2 |       4 |       0 |   0.0 |       2 |       0 |   0.0
            +---------+---------+-------+---------+---------+-------
